UNITED STATES SILVER LEAGUE
CAPITOL DISTRICT TEMPLARS VS MONTREAL RIVERMEN
08/10/2014
 
TOP OF THE 1ST
Montreal Rivermen batting - Pitching for Capitol District Templars : RHP Chad White
Pitching: RHP Chad White
Batting: LHB Harold Logan 0-0: Ball
1-0: Called Strike
1-1: SINGLE (Line Drive, 6MD)
Batting: RHB Dave King 0-0: Ball
1-0: Swinging Strike
1-1: Foul Ball, location: 2F
1-2: Fly out, F3 (Popup, 23)
Batting: LHB Peter Heath 0-0: Ball
1-0: Called Strike
1-1: Fielders Choice at 2nd, 6-4 (Groundball, 6M)
Batting: RHB Kevin Howard 0-0: Ball
1-0: Ball
2-0: Ball
3-0: Ground out 6-3 (Groundball, 56)
Top of the 1st over - 0 run(s), 1 hit(s), 0 error(s), 1 left on base; Montreal 0 - Capitol District 0
BOTTOM OF THE 1ST
Capitol District Templars batting - Pitching for Montreal Rivermen : LHP Miguel Cruz
Pitching: LHP Miguel Cruz
Batting: RHB Forest Simmons 0-0: Foul Ball, location: 2F
0-1: Ball
1-1: Ball
2-1: Ball
3-1: Base on Balls
Batting: RHB Bert Keller 0-0: Ball
1-0: Foul Ball, location: 2F
1-1: Fly out, F9 (Flyball, 9LS)
Batting: RHB Juan Torres 0-0: Called Strike
Forest Simmons is caught stealing 2nd base
0-1: Called Strike
0-2: Ball
1-2: Ball
2-2: Ball
3-2: Strikes out looking
Bottom of the 1st over - 0 run(s), 0 hit(s), 0 error(s), 0 left on base; Montreal 0 - Capitol District 0
TOP OF THE 2ND
Montreal Rivermen batting - Pitching for Capitol District Templars : RHP Chad White
Batting: LHB Ernesto Castro 0-0: Foul Ball, location: 2F
0-1: Ball
1-1: Foul Ball, location: 2F
1-2: SINGLE (Groundball, 34D)
Batting: RHB Pete Davidson 0-0: Ball
Wild Pitch!
Ernesto Castro to second
1-0: Called Strike
1-1: Swinging Strike
1-2: Ball
2-2: Foul Ball, location: 2F
2-2: Ball
3-2: Foul Ball, location: 2F
3-2: Strikes out swinging
Batting: LHB António López 0-0: Ball
1-0: Ball
2-0: Ball
3-0: Called Strike
3-1: Base on Balls
Batting: RHB Ares Jilavian 0-0: Ball
1-0: SINGLE (Groundball, 6MD)
Ernesto Castro to third
António López to second
Batting: LHB Miguel Cruz 0-0: Ball
1-0: Ball
2-0: Ball
3-0: Base on Balls
Ernesto Castro scores
António López to third
Ares Jilavian to second
Batting: LHB Harold Logan 0-0: Swinging Strike
0-1: Ball
1-1: Fielders Choice at 2nd, 4-6 (Groundball, 4M)
António López scores
Ares Jilavian to third
Batting: RHB Dave King 0-0: Ball
1-0: Foul Ball, location: 2F
1-1: Ball
2-1: DOUBLE (Flyball, 78M)
Ares Jilavian scores
Harold Logan to third
Runner from 3rd tries for Home, SAFE, no throw or cutoff
Batting: LHB Peter Heath 0-0: Ball
1-0: Ball
2-0: Ball
3-0: Called Strike
3-1: Called Strike
3-2: Foul Ball, location: 2F
3-2: Strikes out swinging
Top of the 2nd over - 4 run(s), 3 hit(s), 0 error(s), 1 left on base; Montreal 4 - Capitol District 0
BOTTOM OF THE 2ND
Capitol District Templars batting - Pitching for Montreal Rivermen : LHP Miguel Cruz
Batting: LHB Roberto Rodríguez 0-0: Ball
1-0: Ball
2-0: Ball
3-0: Called Strike
3-1: SINGLE (Flyball, 7S)
Batting: RHB Ricardo Cruz 0-0: Called Strike
0-1: Ball
1-1: Ball
2-1: Swinging Strike
2-2: Fly out, F5 (Popup, 56S)
Batting: RHB Henry Collier 0-0: Ball
1-0: Ground out 5-3 (Groundball, 56S)
Roberto Rodríguez to second
Batting: LHB Cristo Correa 0-0: Called Strike
0-1: Foul Ball, location: 2F
0-2: Strikes out swinging
Bottom of the 2nd over - 0 run(s), 1 hit(s), 0 error(s), 1 left on base; Montreal 4 - Capitol District 0
TOP OF THE 3RD
Montreal Rivermen batting - Pitching for Capitol District Templars : RHP Chad White
Batting: RHB Kevin Howard 0-0: Fly out, F8 (Line Drive, 8RM)
Batting: LHB Ernesto Castro 0-0: Foul Ball, location: 2F
0-1: Ground out 4-3 (Groundball, 4S)
Batting: RHB Pete Davidson 0-0: Ball
1-0: Ground out 4-3 (Groundball, 4)
Top of the 3rd over - 0 run(s), 0 hit(s), 0 error(s), 0 left on base; Montreal 4 - Capitol District 0
BOTTOM OF THE 3RD
Capitol District Templars batting - Pitching for Montreal Rivermen : LHP Miguel Cruz
Batting: RHB Wesley Osborne 0-0: Called Strike
0-1: Foul Ball, location: 2F
0-2: Ball
1-2: Ball
2-2: Ball
3-2: Strikes out looking
Pinch Hitting: LHB Aaron Givens 0-0: Called Strike
0-1: Foul Ball, location: 2F
0-2: Ball
1-2: DOUBLE (Flyball, 78XD)
Batting: RHB Forest Simmons 0-0: Swinging Strike
0-1: Ball
1-1: Called Strike
1-2: Hit by Pitch
Batting: RHB Bert Keller 0-0: Called Strike
0-1: Ball
1-1: Called Strike
1-2: SINGLE (Groundball, 6D)
Aaron Givens to third
Forest Simmons to second
Runner from 3rd tries for Home, SAFE, no throw or cutoff
Batting: RHB Juan Torres 0-0: Ball
1-0: Ball
Passed Ball!
Forest Simmons to third
Bert Keller to second
2-0: Ball
3-0: Base on Balls
Batting: LHB Roberto Rodríguez 0-0: Ball
1-0: Ball
2-0: Grounds into fielders choice 1-2 (Groundball, 15)
Bert Keller to third
Juan Torres to second
Batting: RHB Ricardo Cruz 0-0: Ball
1-0: Called Strike
1-1: Ball
Wild Pitch!
Bert Keller scores
Juan Torres to third
Roberto Rodríguez to second
2-1: Fly out, F7 (Flyball, 7D)
Bottom of the 3rd over - 2 run(s), 2 hit(s), 0 error(s), 2 left on base; Montreal 4 - Capitol District 2
TOP OF THE 4TH
Montreal Rivermen batting - Pitching for Capitol District Templars : RHP Chad White
Pitching: RHP Dan Williams
Batting: LHB António López 0-0: Ball
1-0: Swinging Strike
1-1: Fly out, F9 (Line Drive, 9S)
Batting: RHB Ares Jilavian 0-0: Called Strike
0-1: Called Strike
0-2: SINGLE (Groundball, 6M)
Batting: LHB Miguel Cruz 0-0: Bunted foul
0-1: Bunt - Flyout! F1
Batting: LHB Harold Logan 0-0: Ball
Wild Pitch!
Ares Jilavian to second
1-0: Ball
2-0: Called Strike
2-1: Reached on error, E5 (Groundball, 5)
Ares Jilavian to third
Batting: RHB Dave King 0-0: Called Strike
0-1: Swinging Strike
0-2: Ball
1-2: Strikes out swinging
Top of the 4th over - 0 run(s), 1 hit(s), 1 error(s), 2 left on base; Montreal 4 - Capitol District 2
BOTTOM OF THE 4TH
Capitol District Templars batting - Pitching for Montreal Rivermen : LHP Miguel Cruz
Batting: RHB Henry Collier 0-0: Ball
1-0: Foul Ball, location: 2F
1-1: Ball
2-1: Ground out 6-3 (Groundball, 6)
Batting: LHB Cristo Correa 0-0: Ball
1-0: Foul Ball, location: 2F
1-1: Ball
2-1: SINGLE (Groundball, 2L) (infield hit)
Batting: RHB Wesley Osborne 0-0: Foul Ball, location: 2F
0-1: SINGLE (Line Drive, 34)
Cristo Correa to second
Runner from 2nd tries for 3rd, SAFE, throw made to third
Pinch Hitting: RHB Harry Fuller 0-0: Called Strike
0-1: SINGLE (Line Drive, 6)
Cristo Correa scores
Wesley Osborne to second
Batting: RHB Forest Simmons 0-0: Ground out 6-3 (Groundball, 6MD)
Wesley Osborne to third
Harry Fuller to second
Batting: RHB Bert Keller 0-0: Called Strike
0-1: DOUBLE (Line Drive, 7LM)
Wesley Osborne scores
Harry Fuller scores
Batting: RHB Juan Torres 0-0: Ball
1-0: Foul Ball, location: 2F
1-1: Called Strike
1-2: Ball
2-2: Foul Ball, location: 2F
2-2: DOUBLE (Line Drive, 7LD)
Bert Keller scores
Pitching: LHP Austin Brown
Batting: LHB Roberto Rodríguez 0-0: Foul Ball, location: 2F
0-1: Swinging Strike
0-2: Ground out U3 (Groundball, 3)
Bottom of the 4th over - 4 run(s), 5 hit(s), 0 error(s), 1 left on base; Montreal 4 - Capitol District 6
TOP OF THE 5TH
Montreal Rivermen batting - Pitching for Capitol District Templars : RHP Dan Williams
Pitching: RHP Luis Ruíz
Batting: LHB Peter Heath 0-0: Ground out U3 (Groundball, 3S)
Batting: RHB Kevin Howard 0-0: Called Strike
0-1: Swinging Strike
0-2: Ball
1-2: SOLO HOME RUN (Flyball, 9LD), Distance : 337 ft
Batting: LHB Ernesto Castro 0-0: Swinging Strike
0-1: SINGLE (Line Drive, 78M)
Batting: RHB Pete Davidson 0-0: Ball
1-0: Called Strike
1-1: Ball
2-1: Ball
3-1: Fly out, F9 (Flyball, 9M)
Batting: LHB António López 0-0: Ball
1-0: Fly out, F9 (Flyball, 9S)
Top of the 5th over - 1 run(s), 2 hit(s), 0 error(s), 1 left on base; Montreal 5 - Capitol District 6
BOTTOM OF THE 5TH
Capitol District Templars batting - Pitching for Montreal Rivermen : LHP Austin Brown
Batting: RHB Ricardo Cruz 0-0: SOLO HOME RUN (Flyball, 78XD), Distance : 411 ft
Batting: RHB Henry Collier 0-0: Ball
1-0: Ball
2-0: Called Strike
2-1: Ball
3-1: Base on Balls
Batting: LHB Cristo Correa 0-0: Bunted foul
0-1: Bunted foul
0-2: Ball
1-2: Ball
2-2: Strikes out swinging
Batting: RHB Wesley Osborne 0-0: Ball
1-0: Foul Ball, location: 2F
1-1: Called Strike
1-2: DOUBLE (Flyball, 8LXD)
Henry Collier to third
Runner from 3rd tries for Home, SAFE, throw made home
Batting: RHB Luis Ruíz 0-0: Ball
1-0: SINGLE (Flyball, 89S) - OUT at second base trying to stretch hit.
Wesley Osborne scores
Pitching: LHP Matthew Barnes
Batting: RHB Forest Simmons 0-0: Ball
1-0: Ball
2-0: Swinging Strike
2-1: Swinging Strike
2-2: Ball
3-2: Foul Ball, location: 2F
3-2: Strikes out looking
Bottom of the 5th over - 3 run(s), 3 hit(s), 0 error(s), 0 left on base; Montreal 5 - Capitol District 9
TOP OF THE 6TH
Montreal Rivermen batting - Pitching for Capitol District Templars : RHP Luis Ruíz
Batting: RHB Ares Jilavian 0-0: Ball
1-0: Called Strike
1-1: Ball
2-1: SINGLE (Line Drive, 8LS)
Pinch Hitting: RHB Jason Owens 0-0: Called Strike
0-1: SINGLE (Flyball, 78S)
Ares Jilavian to second
Batting: LHB Harold Logan 0-0: Ball
1-0: Called Strike
1-1: Ball
2-1: DOUBLE (Line Drive, 78D)
Ares Jilavian scores
Jason Owens to third
Pitching: RHP Jeffrey Turner
Batting: RHB Dave King 0-0: Called Strike
0-1: Ball
1-1: Called Strike
1-2: Strikes out swinging
Batting: LHB Peter Heath 0-0: Ball
1-0: SINGLE (Groundball, 34D)
Jason Owens scores
Harold Logan to third
Batting: RHB Kevin Howard 0-0: Foul Ball, location: 2F
0-1: Ball
1-1: Swinging Strike
1-2: Ball
2-2: Strikes out swinging
Batting: LHB Ernesto Castro 0-0: Called Strike
0-1: Ball
1-1: Ball
2-1: Called Strike
2-2: Fly out, F1 (Line Drive, 13)
Top of the 6th over - 2 run(s), 4 hit(s), 0 error(s), 2 left on base; Montreal 7 - Capitol District 9
BOTTOM OF THE 6TH
Capitol District Templars batting - Pitching for Montreal Rivermen : LHP Matthew Barnes
Pitching: RHP Juan Lópes
Batting: RHB Bert Keller 0-0: Ball
1-0: Foul Ball, location: 2F
1-1: SINGLE (Line Drive, 34D)
Batting: RHB Juan Torres 0-0: Ball
1-0: Fly out, F9 (Line Drive, 89S)
Batting: LHB Roberto Rodríguez 0-0: Ball
1-0: Swinging Strike
1-1: Foul Ball, location: 2F
1-2: Foul Ball, location: 2F
1-2: Strikes out swinging
Batting: RHB Ricardo Cruz 0-0: Ball
1-0: Ball
2-0: Called Strike
2-1: Foul Ball, location: 2F
2-2: Ball
3-2: Ground out 6-3 (Groundball, 56)
Bottom of the 6th over - 0 run(s), 1 hit(s), 0 error(s), 1 left on base; Montreal 7 - Capitol District 9
TOP OF THE 7TH
Montreal Rivermen batting - Pitching for Capitol District Templars : RHP Jeffrey Turner
Batting: RHB Pete Davidson 0-0: Called Strike
0-1: Ball
1-1: Ball
2-1: SINGLE (Flyball, 7S)
Batting: LHB António López 0-0: Ball
1-0: Ball
2-0: Fly out, F6 (Popup, 6MD)
Batting: RHB Ares Jilavian 0-0: Ball
1-0: Swinging Strike
1-1: Ball
2-1: Foul Ball, location: 2F
2-2: Strikes out swinging
Pinch Hitting: LHB Fai Huang 0-0: Called Strike
0-1: Ball
1-1: Called Strike
1-2: Ball
2-2: Ball
Pete Davidson steals 2nd base
3-2: Foul Ball, location: 2F
3-2: Fly out, F7 (Flyball, 7D)
Top of the 7th over - 0 run(s), 1 hit(s), 0 error(s), 1 left on base; Montreal 7 - Capitol District 9
BOTTOM OF THE 7TH
Capitol District Templars batting - Pitching for Montreal Rivermen : RHP Juan Lópes
Pitching: RHP Todd Stout
Batting: RHB Henry Collier 0-0: Called Strike
0-1: Ball
1-1: Foul Ball, location: 2F
1-2: Ball
2-2: Strikes out swinging
Batting: LHB Cristo Correa 0-0: Ball
1-0: Ground out 4-3 (Groundball, 4)
Batting: RHB Wesley Osborne 0-0: Called Strike
0-1: Ball
1-1: Ball
2-1: Ball
3-1: Swinging Strike
3-2: Foul Ball, location: 2F
3-2: Foul Ball, location: 2F
3-2: Foul Ball, location: 2F
3-2: Strikes out swinging
Bottom of the 7th over - 0 run(s), 0 hit(s), 0 error(s), 0 left on base; Montreal 7 - Capitol District 9
TOP OF THE 8TH
Montreal Rivermen batting - Pitching for Capitol District Templars : RHP Jeffrey Turner
Pitching: RHP Nate Wedge
Batting: LHB Harold Logan 0-0: Called Strike
0-1: Fly out, F5 (Line Drive, 56)
Batting: RHB Dave King 0-0: Called Strike
0-1: DOUBLE (Line Drive, 7LS)
Pitching: RHP Kent Shaw
Batting: LHB Peter Heath 0-0: Ball
1-0: Foul Ball, location: 2F
1-1: Swinging Strike
1-2: SINGLE (Line Drive, 56)
Dave King to third
Batting: RHB Kevin Howard 0-0: Ball
1-0: Ball
2-0: Foul Ball, location: 2F
2-1: Ball
3-1: Fly out, F8 (Flyball, 8RM)
Runner from 3rd tags up, SCORES, throw made
Pitching: LHP Rocky Russell
Batting: LHB Ernesto Castro 0-0: Swinging Strike
0-1: Swinging Strike
Balk!
Peter Heath to second
0-2: Fly out, F8 (Flyball, 8LM)
Top of the 8th over - 1 run(s), 2 hit(s), 0 error(s), 1 left on base; Montreal 8 - Capitol District 9
BOTTOM OF THE 8TH
Capitol District Templars batting - Pitching for Montreal Rivermen : RHP Todd Stout
Pinch Hitting: LHB Jeff Walsh 0-0: Ball
1-0: Fly out, F5 (Popup, 25F)
Batting: RHB Forest Simmons 0-0: Called Strike
0-1: Fly out, F7 (Flyball, 7M)
Batting: RHB Bert Keller 0-0: Swinging Strike
0-1: Ball
1-1: Foul Ball, location: 2F
1-2: Ball
2-2: Foul Ball, location: 2F
2-2: Foul Ball, location: 2F
2-2: Foul Ball, location: 2F
2-2: Ball
3-2: Base on Balls
Batting: RHB Juan Torres 0-0: Called Strike
0-1: Called Strike
0-2: Ground out 5-3 (Groundball, 5)
Bottom of the 8th over - 0 run(s), 0 hit(s), 0 error(s), 1 left on base; Montreal 8 - Capitol District 9
TOP OF THE 9TH
Montreal Rivermen batting - Pitching for Capitol District Templars : LHP Rocky Russell
Pitching: LHP Augusto Jaramillo
Batting: RHB Pete Davidson 0-0: Ball
1-0: Called Strike
1-1: Swinging Strike
1-2: Foul Ball, location: 2F
1-2: Ball
2-2: Strikes out swinging
Batting: LHB António López 0-0: Foul Ball, location: 2F
0-1: Ball
1-1: Ball
2-1: Ball
3-1: Ground out U3 (Groundball, 3)
Batting: RHB Ares Jilavian 0-0: Ball
1-0: Ball
2-0: Called Strike
2-1: Called Strike
2-2: Foul Ball, location: 2F
2-2: Ground out 1-3 (Groundball, 13S)
Top of the 9th over - 0 run(s), 0 hit(s), 0 error(s), 0 left on base; Montreal 8 - Capitol District 9
This league is powered by Out of the Park Baseball, the baseball management simulation game for PC, Mac and Linux
Thursday, April 24th, 2014 - OOTP Baseball 14.6 Build 33